| TOP OF THE 1ST |
|
Beloit Snappers batting - Pitching for Kannapolis Intimidators : LHP Shane Stratton
|
|
Pitching: LHP Shane Stratton
|
|
|
Batting: LHB Jeremy Brammer
|
0-0: Ground out 4-3 (Groundball, 4, EV 88.8 MPH)
|
|
Batting: RHB Mike Gangi
|
0-0: Foul Ball, location: 2F 0-1: Swinging Strike 0-2: Fly out, F2 (Popup, 23F, EV 78.1 MPH)
|
|
Batting: RHB Shannon Beck
|
0-0: Ground out 5-3 (Groundball, 5, EV 81.9 MPH)
|
| Top of the 1st over - 0 runs, 0 hits, 0 errors, 0 left on base; Beloit 0 - Kannapolis 0 |
| BOTTOM OF THE 1ST |
|
Kannapolis Intimidators batting - Pitching for Beloit Snappers : RHP Jon Hollman
|
|
Pitching: RHP Jon Hollman
|
|
|
Batting: RHB Sean Peake
|
0-0: Ball 1-0: Ball 2-0: Called Strike 2-1: Swinging Strike 2-2: Strikes out swinging
|
|
Batting: RHB Mike Warzecha
|
0-0: Fly out, F8 (Line Drive, 8LM, EV 106.9 MPH)
|
|
Batting: RHB Mark Jones
|
0-0: Called Strike 0-1: Ground out 3-1 (Groundball, 34, EV 98.1 MPH)
|
| Bottom of the 1st over - 0 runs, 0 hits, 0 errors, 0 left on base; Beloit 0 - Kannapolis 0 |
| TOP OF THE 2ND |
|
Beloit Snappers batting - Pitching for Kannapolis Intimidators : LHP Shane Stratton
|
|
Batting: RHB Min-chin Yi
|
0-0: Ball 1-0: Foul Ball, location: 2F 1-1: Ball 2-1: Swinging Strike 2-2: Strikes out swinging
|
|
Batting: RHB Emiel Schlepers
|
0-0: Ball 1-0: Ground out U3 (Groundball, 3S, EV 81.2 MPH)
|
|
Batting: RHB Clay Statum
|
0-0: Called Strike 0-1: Swinging Strike 0-2: Ball 1-2: Foul Ball, location: 2F 1-2: Foul Ball, location: 2F 1-2: Ball 2-2: Ball 3-2: Ground out 3-1 (Groundball, 3L, EV 106.9 MPH)
|
| Top of the 2nd over - 0 runs, 0 hits, 0 errors, 0 left on base; Beloit 0 - Kannapolis 0 |
| BOTTOM OF THE 2ND |
|
Kannapolis Intimidators batting - Pitching for Beloit Snappers : RHP Jon Hollman
|
|
Batting: RHB Tatsunori Hayakawa
|
0-0: Called Strike 0-1: Ball 1-1: Ball 2-1: Ball 3-1: Base on Balls
|
|
Batting: SHB Jose Castillo
|
0-0: Ball 1-0: Called Strike 1-1: Ball Tatsunori Hayakawa steals 2nd base 2-1: Ball 3-1: Foul Ball, location: 2F 3-2: Foul Ball, location: 2F 3-2: Strikes out swinging
|
|
Batting: RHB Kyle Morse
|
0-0: Called Strike 0-1: Fly out, F9 (Flyball, 89D, EV 90.0 MPH) Runner from 2nd tags up, SAFE at 3rd, no throw by RF
|
|
Batting: RHB Jose Marquez
|
0-0: Ground out 4-3 (Groundball, 4, EV 102.5 MPH)
|
| Bottom of the 2nd over - 0 runs, 0 hits, 0 errors, 1 left on base; Beloit 0 - Kannapolis 0 |
| TOP OF THE 3RD |
|
Beloit Snappers batting - Pitching for Kannapolis Intimidators : LHP Shane Stratton
|
|
Batting: LHB Robert Wilkins
|
0-0: Called Strike 0-1: Ground out 2-3 (Groundball, 2L, EV 63.1 MPH)
|
|
Batting: RHB Andrew Nicol
|
0-0: Foul Ball, location: 2F 0-1: Foul Ball, location: 2F 0-2: Foul Ball, location: 2F 0-2: Ball 1-2: Ball 2-2: Ball 3-2: Base on Balls
|
|
Batting: LHB Felipe Gomez
|
0-0: Ball 1-0: Ball 2-0: Called Strike 2-1: Foul Ball, location: 2F 2-2: Ball 3-2: Foul Ball, location: 2F 3-2: Fielders Choice at 2nd, 3-6 (Groundball, 3, EV 105.6 MPH)
|
|
Batting: LHB Jeremy Brammer
|
0-0: Called Strike 0-1: Foul Ball, location: 2F 0-2: Fielders Choice at 2nd, 6-4 (Groundball, 6, EV 90.6 MPH)
|
| Top of the 3rd over - 0 runs, 0 hits, 0 errors, 1 left on base; Beloit 0 - Kannapolis 0 |
| BOTTOM OF THE 3RD |
|
Kannapolis Intimidators batting - Pitching for Beloit Snappers : RHP Jon Hollman
|
|
Batting: RHB Santos Guadalupe
|
0-0: Fly out, F6 (Popup, 6M, EV 56.2 MPH)
|
|
Batting: RHB Dunlang Clark
|
0-0: Ground out 6-3 (Groundball, 6, EV 97.5 MPH)
|
|
Batting: RHB Sean Peake
|
0-0: Ball 1-0: Ball 2-0: Ball 3-0: Base on Balls
|
|
Batting: RHB Mike Warzecha
|
0-0: Called Strike 0-1: SINGLE (Groundball, 6MD, EV 104.4 MPH) Sean Peake to second Runner from 2nd tries for 3rd, SAFE, throw by CF made to third
|
|
Batting: RHB Mark Jones
|
0-0: Ball 1-0: Ball 2-0: Ball 3-0: Called Strike 3-1: Base on Balls Mike Warzecha to second
|
|
Batting: RHB Tatsunori Hayakawa
|
0-0: Ball 1-0: Swinging Strike 1-1: Called Strike 1-2: Strikes out swinging
|
| Bottom of the 3rd over - 0 runs, 1 hit, 0 errors, 3 left on base; Beloit 0 - Kannapolis 0 |
| TOP OF THE 4TH |
|
Beloit Snappers batting - Pitching for Kannapolis Intimidators : LHP Shane Stratton
|
|
Batting: RHB Mike Gangi
|
0-0: Ball 1-0: Foul Ball, location: 2F 1-1: Called Strike 1-2: Ball 2-2: Ball 3-2: Base on Balls
|
|
Batting: RHB Shannon Beck
|
0-0: Called Strike 0-1: Ball 1-1: Foul Ball, location: 2F 1-2: Ball 2-2: Strikes out looking
|
|
Batting: RHB Min-chin Yi
|
0-0: Swinging Strike 0-1: Swinging Strike 0-2: Strikes out swinging
|
|
Batting: RHB Emiel Schlepers
|
0-0: Ball Mike Gangi is caught stealing 2nd base 2-4
|
| Top of the 4th over - 0 runs, 0 hits, 0 errors, 0 left on base; Beloit 0 - Kannapolis 0 |
| BOTTOM OF THE 4TH |
|
Kannapolis Intimidators batting - Pitching for Beloit Snappers : RHP Jon Hollman
|
|
Batting: SHB Jose Castillo
|
0-0: Called Strike 0-1: Foul Ball, location: 2F 0-2: Ball 1-2: Strikes out swinging
|
|
Batting: RHB Kyle Morse
|
0-0: Called Strike 0-1: Swinging Strike 0-2: Foul Ball, location: 2F 0-2: Foul Ball, location: 2F 0-2: Strikes out swinging
|
|
Batting: RHB Jose Marquez
|
0-0: Called Strike 0-1: Ball 1-1: Fly out, F7 (Flyball, 7, EV 76.2 MPH)
|
| Bottom of the 4th over - 0 runs, 0 hits, 0 errors, 0 left on base; Beloit 0 - Kannapolis 0 |
| TOP OF THE 5TH |
|
Beloit Snappers batting - Pitching for Kannapolis Intimidators : LHP Shane Stratton
|
|
Batting: RHB Emiel Schlepers
|
0-0: Ball 1-0: Called Strike 1-1: Ball 2-1: Foul Ball, location: 2F 2-2: Strikes out swinging
|
|
Batting: RHB Clay Statum
|
0-0: Swinging Strike 0-1: Ball 1-1: Ball 2-1: Foul Ball, location: 2F 2-2: Strikes out swinging, 2-3 out at first.
|
|
Batting: LHB Robert Wilkins
|
0-0: Swinging Strike 0-1: Ball 1-1: Foul Ball, location: 2F 1-2: Ground out 5-3 (Groundball, 5, EV 82.5 MPH)
|
| Top of the 5th over - 0 runs, 0 hits, 0 errors, 0 left on base; Beloit 0 - Kannapolis 0 |
| BOTTOM OF THE 5TH |
|
Kannapolis Intimidators batting - Pitching for Beloit Snappers : RHP Jon Hollman
|
|
Batting: RHB Santos Guadalupe
|
0-0: Foul Ball, location: 2F 0-1: Ball 1-1: Ball 2-1: Foul Ball, location: 2F 2-2: Fly out, F7 (Line Drive, 7S, EV 91.2 MPH)
|
|
Batting: RHB Dunlang Clark
|
0-0: Called Strike 0-1: Ground out 4-3 (Groundball, 4, EV 83.8 MPH)
|
|
Batting: RHB Sean Peake
|
0-0: Ground out 4-3 (Groundball, 34, EV 100.6 MPH)
|
| Bottom of the 5th over - 0 runs, 0 hits, 0 errors, 0 left on base; Beloit 0 - Kannapolis 0 |
| TOP OF THE 6TH |
|
Beloit Snappers batting - Pitching for Kannapolis Intimidators : LHP Shane Stratton
|
|
Batting: RHB Andrew Nicol
|
0-0: Ball 1-0: Foul Ball, location: 2F 1-1: Foul Ball, location: 2F 1-2: Ground out 3-1 (Groundball, 34S, EV 83.8 MPH)
|
|
Batting: LHB Felipe Gomez
|
0-0: Called Strike 0-1: Ball 1-1: Ball 2-1: Ball 3-1: Ground out 4-3 (Groundball, 4S, EV 83.1 MPH)
|
|
Batting: LHB Jeremy Brammer
|
0-0: Ball 1-0: Called Strike 1-1: Called Strike 1-2: Ground out 4-3 (Groundball, 4, EV 100.0 MPH)
|
| Top of the 6th over - 0 runs, 0 hits, 0 errors, 0 left on base; Beloit 0 - Kannapolis 0 |
| BOTTOM OF THE 6TH |
|
Kannapolis Intimidators batting - Pitching for Beloit Snappers : RHP Jon Hollman
|
|
Batting: RHB Mike Warzecha
|
0-0: Ball 1-0: Called Strike 1-1: Foul Ball, location: 2F 1-2: Ball 2-2: Fly out, F8 (Flyball, 8RD, EV 108.1 MPH)
|
|
Batting: RHB Mark Jones
|
0-0: Called Strike 0-1: Ball 1-1: SINGLE (Line Drive, 34, EV 95.0 MPH)
|
|
Batting: RHB Tatsunori Hayakawa
|
0-0: Ball 1-0: Called Strike Mark Jones steals 2nd base 1-1: Foul Ball, location: 2F 1-2: Ball 2-2: Ball 3-2: 2-RUN HOME RUN (Flyball, 89XD, EV 106.2 MPH), Distance : 398 ft
|
|
Batting: SHB Jose Castillo
|
0-0: Ball 1-0: Ball 2-0: Called Strike 2-1: Ball 3-1: Called Strike 3-2: Base on Balls
|
|
Batting: RHB Kyle Morse
|
0-0: Ball 1-0: Swinging Strike 1-1: Called Strike 1-2: Strikes out swinging
|
|
Batting: RHB Jose Marquez
|
0-0: Ball Jose Castillo steals 2nd base 1-0: Swinging Strike 1-1: Ball 2-1: Foul Ball, location: 2F 2-2: Strikes out swinging
|
| Bottom of the 6th over - 2 runs, 2 hits, 0 errors, 1 left on base; Beloit 0 - Kannapolis 2 |
| TOP OF THE 7TH |
|
Beloit Snappers batting - Pitching for Kannapolis Intimidators : LHP Shane Stratton
|
|
Batting: RHB Mike Gangi
|
0-0: Called Strike 0-1: Ball 1-1: Ball 2-1: Called Strike 2-2: Ball 3-2: Base on Balls
|
|
Batting: RHB Shannon Beck
|
0-0: Called Strike 0-1: Ball 1-1: Ball Mike Gangi is caught stealing 2nd base 2-4 2-1: SOLO HOME RUN (Flyball, 7D, EV 95.0 MPH), Distance : 358 ft
|
|
Pitching: RHP Dicky Goedhart
|
|
|
Batting: RHB Min-chin Yi
|
0-0: Ball 1-0: Ball 2-0: Foul Ball, location: 2F 2-1: Ball 3-1: Foul Ball, location: 2F 3-2: Base on Balls
|
|
Batting: RHB Emiel Schlepers
|
|
|
Pinch Hitting: LHB Alan Bianchard
|
0-0: Fielders Choice at 2nd, 2-4 (Groundball, 2L, EV 70.6 MPH)
|
|
Pinch Hitting: SHB Ivan Barry
|
0-0: Ground out 4-3 (Groundball, 4, EV 104.4 MPH)
|
| Top of the 7th over - 1 run, 1 hit, 0 errors, 1 left on base; Beloit 1 - Kannapolis 2 |
| BOTTOM OF THE 7TH |
|
Kannapolis Intimidators batting - Pitching for Beloit Snappers : RHP Jon Hollman
|
|
Pitching: RHP John Harrell
|
|
|
Now at 2B: Ivan Barry
|
|
|
Now at 3B: Miguel Maymi
|
|
|
Now at SS: Robert Wilkins
|
|
|
Batting: RHB Santos Guadalupe
|
0-0: Ground out 4-3 (Groundball, 4M, EV 79.4 MPH)
|
|
Batting: RHB Dunlang Clark
|
0-0: Ball 1-0: Ball 2-0: Ground out 5-3 (Groundball, 5S, EV 75.6 MPH)
|
|
Batting: RHB Sean Peake
|
0-0: Ground out 4-3 (Groundball, 4, EV 78.8 MPH)
|
| Bottom of the 7th over - 0 runs, 0 hits, 0 errors, 0 left on base; Beloit 1 - Kannapolis 2 |
| TOP OF THE 8TH |
|
Beloit Snappers batting - Pitching for Kannapolis Intimidators : RHP Dicky Goedhart
|
|
Now at 1B: Jose Castillo
|
|
|
Now in RF: Armando Vazquez
|
|
|
Batting: LHB Robert Wilkins
|
0-0: Ground out 1-3 (Groundball, 13S, EV 67.5 MPH)
|
|
Batting: RHB Andrew Nicol
|
0-0: Called Strike 0-1: Foul Ball, location: 2F 0-2: Foul Ball, location: 2F 0-2: Foul Ball, location: 2F 0-2: Ball 1-2: Foul Ball, location: 2F 1-2: Strikes out swinging
|
|
Pitching: LHP Eric Larsen
|
|
|
Now at 1B: Luwen Storm
|
|
|
Now in LF: Jose Castillo
|
|
|
Batting: LHB Felipe Gomez
|
0-0: Ball 1-0: Ball 2-0: Ball 3-0: Called Strike 3-1: Foul Ball, location: 2F 3-2: SINGLE (Flyball, 7LS, EV 88.8 MPH)
|
|
Batting: LHB Jeremy Brammer
|
0-0: Called Strike 0-1: Ball 1-1: Ground out 4-3 (Groundball, 4, EV 90.0 MPH)
|
| Top of the 8th over - 0 runs, 1 hit, 0 errors, 1 left on base; Beloit 1 - Kannapolis 2 |
| BOTTOM OF THE 8TH |
|
Kannapolis Intimidators batting - Pitching for Beloit Snappers : RHP John Harrell
|
|
Batting: RHB Armando Vazquez
|
0-0: Foul Ball, location: 2F 0-1: Ball 1-1: Ball 2-1: SINGLE (Groundball, 6MD, EV 97.5 MPH)
|
|
Batting: RHB Mark Jones
|
0-0: Foul Ball, location: 2F 0-1: Called Strike 0-2: Foul Ball, location: 2F 0-2: SINGLE (Groundball, 56D, EV 98.8 MPH) Armando Vazquez to second
|
|
Batting: RHB Tatsunori Hayakawa
|
0-0: Ball 1-0: Swinging Strike 1-1: Ball 2-1: Foul Ball, location: 2F 2-2: Ball 3-2: Foul Ball, location: 2F 3-2: Foul Ball, location: 2F 3-2: Fly out, F8 (Flyball, 8RM, EV 88.8 MPH)
|
|
Batting: SHB Jose Castillo
|
0-0: Called Strike 0-1: 3-RUN HOME RUN (Flyball, 89XD, EV 98.8 MPH), Distance : 409 ft
|
|
Pitching: RHP Ricky Lopez
|
|
|
Batting: RHB Luwen Storm
|
0-0: Ball 1-0: Ball 2-0: DOUBLE (Flyball, 8RXD, EV 96.2 MPH)
|
|
Batting: RHB Jose Marquez
|
0-0: Ball 1-0: Swinging Strike 1-1: Foul Ball, location: 2F 1-2: Hit by Pitch
|
|
Batting: RHB Santos Guadalupe
|
0-0: Called Strike 0-1: Fly out, F9 (Flyball, 89M, EV 86.9 MPH)
|
|
Batting: RHB Dunlang Clark
|
0-0: Ball 1-0: Ball 2-0: Ball 3-0: Called Strike 3-1: Fly out, F8 (Flyball, 8RM, EV 88.8 MPH)
|
| Bottom of the 8th over - 3 runs, 4 hits, 0 errors, 2 left on base; Beloit 1 - Kannapolis 5 |
| TOP OF THE 9TH |
|
Beloit Snappers batting - Pitching for Kannapolis Intimidators : LHP Eric Larsen
|
|
Batting: RHB Mike Gangi
|
0-0: Called Strike 0-1: Foul Ball, location: 2F 0-2: Foul Ball, location: 2F 0-2: Ground out 6-3 (Groundball, 6S, EV 85.6 MPH)
|
|
Batting: RHB Shannon Beck
|
0-0: SINGLE (Groundball, 56D, EV 96.9 MPH)
|
|
Batting: RHB Min-chin Yi
|
0-0: Ball 1-0: Foul Ball, location: 2F 1-1: Ball 2-1: Ball 3-1: Called Strike 3-2: Foul Ball, location: 2F 3-2: Base on Balls Shannon Beck to second
|
|
Pitching: RHP Nate Myers
|
|
|
Batting: LHB Miguel Maymi
|
0-0: Called Strike 0-1: Swinging Strike 0-2: Foul Ball, location: 2F 0-2: Ball 1-2: Strikes out swinging
|
|
Batting: SHB Ivan Barry
|
0-0: Called Strike 0-1: Fly out, F7 (Flyball, 7, EV 75.0 MPH)
|
| Top of the 9th over - 0 runs, 1 hit, 0 errors, 2 left on base; Beloit 1 - Kannapolis 5 |
|